 Dungeon Crawl Stone Soup version 0.20-a0-723-gf57855b (webtiles) character file.

691 Magnus the Skirmisher (level 7, -3/49 HPs)
             Began as an Octopode Transmuter on Feb 22, 2017.
             Killed by nerve-wracking pain
             ... invoked by Grinder
              (14 damage)
             ... on level 5 of the Dungeon.
             The game lasted 00:17:53 (5188 turns).

Magnus the Skirmisher (Octopode Transmuter)         Turns: 5188, Time: 00:17:53

Health: -3/49      AC:  2    Str: 10    XL:     7   Next: 63%
Magic:  10/12      EV: 22    Int: 15    God:
Gold:   180        SH:  0    Dex: 19    Spells: 7/12 levels left

rFire    . . .     SeeInvis .     - Unarmed
rCold    . . .     Gourm    .   (shield currently unavailable)
rNeg     . . .     Faith    .   (helmet currently unavailable)
rPois    x         Spirit   .   (no amulet)
rElec    .         Reflect  .   (no ring)
rCorr    .         Harm     .   (no ring)
MR       .....                  (no ring)
Stlth    ++........             (no ring)
Regen    0.2/turn               (no ring)
MPRegen  0.2/turn               (no ring)
                                (no ring)
                                (no ring)

@: spider-form
A: almost no armour, stealthy swim, (amphibious), 8 rings, (constrict 8),
(camouflage 0), (gelatinous body 0)
a: End Transformation


You were on level 5 of the Dungeon.
You were hungry.
You were a venomous arachnid creature.
You visited 1 branch of the dungeon, and saw 5 of its levels.
You also visited: Sewer.

You collected 180 gold pieces.

Inventory:

Missiles
 a - 39 arrows
Scrolls
 d - 3 scrolls of identify
 e - 4 scrolls of magic mapping
 i - 5 scrolls of remove curse
 l - 2 scrolls of amnesia
 o - a scroll of enchant armour {unknown}
Potions
 f - 2 potions of degeneration {unknown}
 h - 8 potions of curing
 j - a potion of haste {unknown}
 m - 2 potions of resistance {unknown}
 p - a potion of invisibility {unknown}
 q - 6 potions of flight
 r - a potion of lignification {unknown}
 s - 2 potions of brilliance
 t - 4 potions of heal wounds
 u - a potion of agility {unknown}
 v - 2 potions of might
Books
 b - a book of Changes

   Spells                             Type                      Level
   a - Beastly Appendage              Transmutation                1
   b - Sticks to Snakes               Transmutation                2
   c - Spider Form                    Transmutation/Poison         3
   d - Ice Form                       Ice/Transmutation            4
   e - Blade Hands                    Transmutation                5
Comestibles
 c - 3 bread rations
 g - 2 meat rations
 k - 2 chunks of flesh
 n - 7 fruits


   Skills:
 + Level 4.4 Fighting
 + Level 3.6 Dodging
 + Level 4.4 Unarmed Combat
 + Level 3.3 Spellcasting
 + Level 4.2 Transmutations


You had 7 spell levels left.
You knew the following spells:

 Your Spells              Type           Power        Failure   Level  Hunger
b - Sticks to Snakes      Tmut           ###.....     17%         2    ##.....
c - Spider Form           Tmut/Pois      #.........   52%         3    ###....


Dungeon Overview and Level Annotations

Branches:
Dungeon (5/15)
 Temple: D:4-7

Altars:
Ashenzari
Fedhas
Vehumet

Annotations:
D:5 Grinder


Innate Abilities, Weirdness & Mutations

You cannot wear most types of armour.
You are very stealthy in the water. (Stealth+)
((You are amphibious.))
You can wear up to eight rings at the same time.
((You can use your tentacles to constrict eight enemies at once.))
((Your skin changes colour to match your surroundings (Stealth+).))
((Your rubbery body absorbs attacks. (AC +1, EV +1)))


Message History

Grinder shouts!
Grinder blinks!
Grinder gestures at you.
You struggle to resist.
Found 22 sling bullets.
Grinder drinks a potion.
Grinder seems to grow stronger.
Grinder hits you!
You bite Grinder!
Grinder is poisoned.
Grinder is lightly wounded.
Grinder hits you!
You writhe in agony.
You hit Grinder but do no damage.
Grinder looks as sick as possible!
Grinder is lightly wounded.
Grinder gestures at you. Pain shoots through your body!
* * * LOW HITPOINT WARNING * * *
You hit Grinder.
Grinder is moderately wounded.
Grinder gestures at you. Pain shoots through your body!
You die...

##########
(......5.#
##.#####s# #.
##.##
#.####...####
#.#..........#
#.##.#>##...###.#
#......###.##
##..###.###.#
.... #.....# #
#.###.#####


You could see Grinder.

Vanquished Creatures
  An orc warrior (D:4)
  A necrophage (D:5)
  2 big kobolds (Sewer)
  An orc wizard (D:4)
  A worker ant (D:4)
  A hound zombie (D:5)
  3 gnolls (D:4)
  7 adders
  5 river rats
  A shadow imp (D:4)
  An ooze (Sewer)
  3 worms
  8 dart slugs
  3 leopard geckos
  3 orcs
  8 giant cockroaches
  11 hobgoblins
  4 jackals
  20 kobolds
  3 quokkas
  6 ball pythons
  9 bats
  6 frilled lizards
  7 goblins
  A leopard gecko skeleton (D:4)
  28 rats
144 creatures vanquished.

Vanquished Creatures (others)
  A bat (D:2)
  4 toadstools (D:1)
5 creatures vanquished.

Grand Total: 149 creatures vanquished

Notes
Turn   | Place    | Note
-------+----------+-------------------------------------------
     0 | D:1      | Magnus the Octopode Transmuter began the quest for the Orb.
     0 | D:1      | Reached XP level 1. HP: 13/13 MP: 3/3
    71 | D:1      | Reached XP level 2. HP: 5/18 MP: 5/5
   290 | D:1      | Learned a level 2 spell: Sticks to Snakes
   571 | D:1      | Reached XP level 3. HP: 18/23 MP: 6/6
  1273 | D:2      | Reached XP level 4. HP: 29/29 MP: 7/7
  1434 | D:2      | Found a radiant altar of Vehumet.
  1914 | D:2      | Learned a level 3 spell: Spider Form
  1922 | D:3      | Found a shattered altar of Ashenzari.
  2308 | D:3      | Reached XP level 5. HP: 35/35 MP: 8/8
  2314 | D:3      | Found a blossoming altar of Fedhas.
  2923 | D:4      | Noticed an orc warrior
  3159 | D:4      | Found a glowing drain.
  3273 | Sewer    | Entered a sewer
  3367 | Sewer    | Noticed a big kobold
  3384 | Sewer    | Killed a big kobold
  3384 | Sewer    | Reached XP level 6. HP: 18/42 MP: 8/10
  4593 | D:4      | Reached XP level 7. HP: 47/47 MP: 11/11
  5025 | D:5      | Entered Level 5 of the Dungeon
  5176 | D:5      | Noticed Grinder
  5188 | D:5      | Killed from afar by Grinder

Vault maps used:
D:1:      ldierk_walled_garden_2, chequers_big_river, minmay_tall_x
D:2:      fiery_altar_vehumet, first_bread, serial_bayou_lagoon_a
D:3:      ashenzari_conservatory_becter, fedhas_altar_2, minmay_misc_feat_roman
D:4:      portal_sewer_entry_a
D:5:      dancing_weapons_uskayaw, uniq_grinder, uniq_edmund
Sewer:    sewer_minmay_treatment

Skill      XL: |  1  2  3  4  5  6  7 |
---------------+----------------------+-----
Fighting       | 2 3 4 |  4.4
Transmutations | 3 4 |  4.2
Dodging        | 3 |  3.6
Unarmed Combat | 4 |  4.4
Spellcasting   | 3 |  3.3

Action                   |  1- 3 |  4- 6 |  7- 9 || total
-------------------------+-------+-------+-------++-------
Melee: Unarmed           |    93 |   227 |    65 ||   385
       Constrict         |    33 |    62 |     2 ||    97
       Tentacles         |    22 |    48 |     2 ||    72
       Kick              |     9 |    16 |       ||    25
       Punch             |     1 |     5 |       ||     6
 Cast: Beastly Appendage |     5 |     7 |       ||    12
       Spider Form       |       |       |     5 ||     5
  Use: Scroll            |       |       |    10 ||    10
 Stab: Sleeping          |     7 |    13 |       ||    20
  Eat: Chunk             |     1 |    10 |     3 ||    14
Armor: Skin              |    17 |    12 |       ||    29
Dodge: Dodged            |    68 |   142 |    48 ||   258
